 Dungeon Crawl Stone Soup version 0.29.0-15-g675c0067aa (webtiles) character file.

Game seed: 13635538460898171171

1448 sausages the Ruffian (level 8, -11/81 HPs)
             Began as a Troll Transmuter on Sept 11, 2022.
             Was an Initiate of Ru.
             Mangled by an orc warrior
             ... wielding a +0 halberd
              (22 damage)
             ... on level 6 of the Dungeon.
             The game lasted 00:07:19 (3671 turns).

sausages the Ruffian (Troll Transmuter)             Turns: 3671, Time: 00:07:20

Health: -11/81     AC:  5    Str: 21    XL:     8   Next: 46%
Magic:  8/8        EV: 15    Int:  9    God:    Ru [......]
Gold:   317        SH:  0    Dex: 16    Spells: 8/9 levels left

rFire   . . .      SeeInvis .     - Unarmed
rCold   . . .      Faith    .   (no shield)
rNeg    . . .      Spirit   .   a - +1 robe
rPois   .          Reflect  .   (helmet restricted)
rElec   .          Harm     .   (no cloak)
rCorr   .          Rampage  .   (gloves unavailable)
Will    .....                   (boots unavailable)
Stlth   +.........              (no amulet)
HPRegen 1.03/turn               d - +4 ring of evasion
MPRegen 0.11/turn               f - +6 ring of dexterity

@: no status effects
A: large, unfitting armour, claws 3, regeneration 1, shaggy fur 1, tough skin 1
a: Renounce Religion


You were on level 6 of the Dungeon.
You worshipped Ru.
Ru was noncommittal.
You visited 2 branches of the dungeon, and saw 7 of its levels.

You collected 317 gold pieces.

Inventory:

Armour
 a - a +1 robe (worn)
Jewellery
 c - a ring of flight
 d - a +4 ring of evasion (left claw)
 f - a +6 ring of dexterity (right claw)
Wands
 p - a wand of iceblast (6)
Scrolls
 g - a scroll of enchant armour
 i - 5 scrolls of fear
 l - a scroll of blinking
 n - 2 scrolls of teleportation
 r - a scroll of enchant weapon {unknown}
Potions
 b - 2 potions of lignification
 e - 2 potions of might
 h - 2 potions of heal wounds
 j - a potion of degeneration {unknown}
 k - 3 potions of attraction
 m - a potion of brilliance {unknown}
 o - a potion of ambrosia {unknown}
 s - 4 potions of curing {unknown}


   Skills:
 * Level 5.5 Fighting
 + Level 4.1 Dodging
 * Level 7.3 Unarmed Combat
 - Level 1.2 Spellcasting
 - Level 1.3 Transmutations


You had 8 spell levels left.
You knew the following spells:

 Your Spells              Type           Power      Damage    Failure   Level
a - Beastly Appendage     Tmut           6%         N/A       21%         1

Your spell library contained the following spells:

 Spells                   Type           Power      Damage    Failure   Level
 Wereblood                Tmut           3%         N/A       30%         2
 Spider Form              Tmut/Pois      1%         N/A       63%         3
 Gell's Gravitas          Tloc           0%         N/A       73%         3
 Lesser Beckoning         Tloc           0%         N/A       73%         3
 Teleport Other           Tloc           0%         N/A       73%         3
 Ice Form                 Ice/Tmut       1%         N/A       95%         4
 Hailstorm                Conj/Ice       0%         3d3       98%         4
 Summon Forest            Summ/Tloc      0%         N/A       100%        5
 Summon Mana Viper        Hex/Summ       0%         N/A       100%        5
 Simulacrum               Ice/Necr       0%         N/A       100%        6
 Summon Cactus Giant      Summ           0%         N/A       100%        6


Dungeon Overview and Level Annotations

Branches:
Dungeon (6/15)             Temple (1/1) D:6

Altars:
Ashenzari
Cheibriados
Dithmenos
Elyvilon
Fedhas
Gozag
Kikubaaqudgha
Makhleb
Nemelex Xobeh
Okawaru
Qazlal
Ru
Sif Muna
Trog
Uskayaw
Vehumet
Wu Jian
Xom
Yredelemnul
The Shining One

Annotations:
D:5 1 runed translucent door, MirrMurr's ghost, amateur SpGl


Innate Abilities, Weirdness & Mutations

You are too large for most types of armour.
You have claws for hands.
Your natural rate of healing is unusually fast.
You are covered in fur. (AC +1)
You have tough skin. (AC +1)


Message History

You claw the orc priest!
You kill the orc priest!
The orc warrior hits you from afar with a +0 halberd!
You barely miss the orc. The orc completely misses you.
The orc warrior hits you from afar with a +0 halberd!!
You are too injured to fight recklessly!
You are too injured to fight recklessly!
You are too injured to fight recklessly!
You are too injured to fight recklessly!
You barely miss the orc. The orc closely misses you.
The orc warrior closely misses you.
You mangle the orc!!
You kill the orc!
The orc warrior barely misses you.
The orc warrior hits you with a +0 halberd!
Items here: )) [ †.
You are too injured to fight recklessly!
You barely miss the orc warrior.
The orc warrior hits you with a +0 halberd.
* * * LOW HITPOINT WARNING * * *
You claw the orc warrior! Your claw misses the orc warrior.
The orc warrior is heavily wounded.
You closely miss the orc warrior.
The orc warrior is heavily wounded.
The orc warrior hits you with a +0 halberd!
* * * LOW HITPOINT WARNING * * *
You claw the orc warrior!
The orc warrior is severely wounded.
The orc warrior closely misses you.
You scratch the orc warrior but do no damage.
The orc warrior is severely wounded.
The orc warrior barely misses you.
You closely miss the orc warrior.
The orc warrior is severely wounded.
The orc warrior hits you with a +0 halberd!
* * * LOW HITPOINT WARNING * * *
You scratch the orc warrior but do no damage.
The orc warrior is severely wounded.
The orc warrior hits you with a +0 halberd!!
You die...

#. #.### #.#..
###.#.# #.....#
#.....# #...o.#
#@# #.########
#........#
########.#
#...#.#
######.#.#.#
####....#.#.#.#
#.........#.#.#
#.....#.###.#.#


You could see an orc warrior.

Vanquished Creatures
  Pikel (D:4)
  A steam dragon (D:5)
  An ice beast (D:5)
  An ogre (D:5)
  3 lemures (D:4)
  A necrophage (D:4)
  2 scorpions (D:5)
  3 jellies
  4 orc priests
  A hound (D:5)
  2 iguanas (D:5)
  2 orc wizards
  6 adders
  3 gnolls (D:5)
  4 ufetubi
  5 dart slugs
  11 orcs
  5 ball pythons
  4 endoplasms
  2 giant cockroaches (D:3)
  8 hobgoblins
  4 jackals (D:4)
  3 quokkas
  11 bats
  5 frilled lizards
  7 goblins
  4 kobolds
  5 rats
109 creatures vanquished.

Vanquished Creatures (others)
  20 plants (D:2)
20 creatures vanquished.

Grand Total: 129 creatures vanquished

Notes
Turn   | Place    | Note
-------+----------+-------------------------------------------
     0 | D:1      | sausages the Troll Transmuter began the quest for the Orb.
     0 | D:1      | Reached XP level 1. HP: 18/18 MP: 1/1
   112 | D:1      | Reached skill level 1 in Fighting
   168 | D:1      | Reached XP level 2. HP: 26/27 MP: 2/2
   740 | D:2      | Reached XP level 3. HP: 24/33 MP: 3/3
   933 | D:2      | Found a faded altar of an unknown god.
  1367 | D:3      | Reached XP level 4. HP: 42/42 MP: 4/4
  1498 | D:3      | Reached skill level 4 in Unarmed Combat
  1798 | D:4      | Reached XP level 5. HP: 43/50 MP: 5/5
  2038 | D:4      | Noticed a lemure
  2059 | D:4      | Killed a lemure
  2125 | D:4      | Found an opulent altar of Gozag.
  2172 | D:4      | Noticed a lemure
  2185 | D:4      | Killed a lemure
  2198 | D:4      | Noticed Pikel
  2198 | D:4      | Noticed a lemure
  2198 | D:4      | Noticed a lemure
  2215 | D:4      | Killed a lemure
  2227 | D:4      | Killed Pikel
  2228 | D:4      | Reached skill level 5 in Unarmed Combat
  2228 | D:4      | Reached XP level 6. HP: 47/62 MP: 6/6
  2228 | D:4      | Reached XP level 7. HP: 53/70 MP: 7/7
  2506 | D:5      | Entered Level 5 of the Dungeon
  2514 | D:5      | Reached skill level 6 in Unarmed Combat
  2705 | D:5      | Noticed a steam dragon
  2741 | D:5      | Killed a steam dragon
  2742 | D:5      | Reached XP level 8. HP: 47/79 MP: 8/8
  2789 | D:5      | Reached skill level 5 in Fighting
  3013 | D:5      | Reached skill level 7 in Unarmed Combat
  3171 | D:5      | Found a runed translucent door.
  3176 | D:5      | Noticed MirrMurr's ghost (amateur SpGl)
  3413 | D:6      | Found a staircase to the Ecumenical Temple.
  3480 | Temple   | Entered the Ecumenical Temple
  3520 | Temple   | Became a worshipper of Ru the Awakened
  3671 | D:6      | Mangled by an orc warrior

Illustrated notes

Levels and vault maps discovered:
D:1:      minmay_arrival_nine_rooms, layout_loops_cross
D:2:      layout_rooms, ebering_ecumenical_altar_sacrificial,
          serial_bayou_lagoon_a
D:3:      layout_loops_ring
D:4:      layout_basic, grunt_gozag_breadcrumbs,
          minmay_fractal_squares_gapless_5, uniq_pikel
D:5:      layout_loops_ring, ebering_ghost_reflecting_pool, kennysheep_dice
D:6:      layout_basic, temple_hall, minivault_5,
          nicolae_elevator_lobby_asterisk
Temple:   hellmonk_temple_of_storms

Skill      XL: |  1  2  3  4  5  6  7  8 |
---------------+-------------------------+-----
Fighting       | 1 2 4 5 |  5.5
Dodging        | 2 3 4 |  4.1
Unarmed Combat | 4 5 6 7 |  7.3
Spellcasting   | |  1.2
Transmutations | |  1.3

Action                   |  1- 3 |  4- 6 |  7- 9 || total
-------------------------+-------+-------+-------++-------
Melee: Unarmed           |   125 |    92 |   115 ||   332
       Kick              |     3 |       |       ||     3
       Punch             |     4 |     2 |     4 ||    10
 Cast: Beastly Appendage |     4 |       |       ||     4
  Use: Scroll            |     3 |       |     8 ||    11
 Stab: Sleeping          |     1 |       |     2 ||     3
Armor: Robe              |    44 |    30 |    22 ||    96
Dodge: Dodged            |    69 |    45 |    85 ||   199
